 Dungeon Crawl Stone Soup version 0.30-a0-743-gbfdf073431 (webtiles) character file.

Game seed: 18251735430861528231

481 M4edhros the Sneak (level 7, 0/46 HPs)
             Began as an Octopode Delver on Feb 7, 2023.
             Was an Initiate of Cheibriados.
             Slain by a black bear (1 damage)
             ... on level 5 of the Dungeon.
             The game lasted 00:03:30 (507 turns).

M4edhros the Sneak (Octopode Delver)                 Turns: 507, Time: 00:03:31

Health: 0/46       AC:  1    Str: 12    XL:     7   Next: 12%
Magic:  7/7        EV: 13    Int: 14    God:    Cheibriados [......]
Gold:   8          SH:  0    Dex: 16    Spells: 6/6 levels left

rFire   . . .      SeeInvis .      - Unarmed
rCold   . . .      Faith    .    (no shield)
rNeg    . . .      Spirit   .    (helmet restricted)
rPois   .          Reflect  .    (no amulet)
rElec   .          Harm     .    (no ring)
rCorr   .          Rampage  .    (no ring)
Will    .....                    (no ring)
Stlth   ++++                     (no ring)
HPRegen 0.27/turn                (no ring)
MPRegen 0.10/turn                (no ring)
                                 (no ring)
                                 (no ring)

@: very slow
A: almost no armour, amphibious, 8 rings, camouflage 1, gelatinous body 1,
(nimble swimmer 1), tentacles
a: Renounce Religion


You were on level 5 of the Dungeon.
You worshipped Cheibriados.
Cheibriados was noncommittal.
You visited 2 branches of the dungeon, and saw 3 of its levels.

You collected 8 gold pieces.

Inventory:

Hand Weapons
 b - a +0 triple crossbow
Missiles
 d - 19 poisoned darts
Wands
 e - a wand of digging (3)
Scrolls
 a - 2 scrolls of fog
 f - a scroll of magic mapping


   Skills:
 - Level 3.0 Fighting
 + Level 4.3 Ranged Weapons
 - Level 2.0 Dodging
 - Level 6.6 Stealth
 + Level 5.8 Unarmed Combat


You had 6 spell levels left.
You didn't know any spells.
Your spell library was empty.

Dungeon Overview and Level Annotations

Branches:
Dungeon (6/15)             Temple (1/1) D:6

Altars:
Ashenzari
Cheibriados
Fedhas
Hepliaklqana
Makhleb
Nemelex Xobeh
Okawaru
Qazlal
Sif Muna
Trog
Uskayaw
Wu Jian
Xom
The Shining One

Annotations:
D:6 exclusion: killer bee


Innate Abilities, Weirdness & Mutations

You cannot wear most types of armour.
You are amphibious.
You can wear up to eight rings at the same time.
Your skin changes colour to match your surroundings (Stealth+).
Your rubbery body absorbs attacks. (AC +1, EV +1)
((You are camouflaged when in or above water. (Stealth+)))
You have tentacles for arms and can constrict up to eight enemies at once.


Message History

You closely miss the orc. You grab the orc. You constrict the orc.
The orc barely misses you.
You tentacle-slap the orc.
The orc is almost dead.
You constrict the orc.
You kill the orc!
Cheibriados appreciates the change of pace.
You barely miss the orc. You grab the orc. You squeeze the orc.
The orc is lightly wounded.
You constrict the orc. The orc hits you with a +0 hand axe.
* * * LOW HITPOINT WARNING * * *
You tentacle-slap the orc but do no damage.
You squeeze the orc.
You kill the orc!
Cheibriados appreciates the change of pace.
Okay, then.
You aren't carrying any potions.
As you read the scroll labelled XUDIWN YHURAI, it crumbles to dust.
Your body is wracked with pain!
* * * LOW HITPOINT WARNING * * *
The black bear convulses!
It was a scroll of torment.
b - a +0 triple crossbow (weapon)
Fire: b) +0 triple crossbow
Press: ? - help, Q - select action, (/) - cycle Shift-Dir - straight line, f - black bear
Aim: a black bear (heavily wounded, 65% to hit)
You shoot a bolt. The bolt closely misses the black bear.
Fire: b) +0 triple crossbow
Press: ? - help, Q - select action, (/) - cycle Shift-Dir - straight line, f/p - black bear
Aim: a black bear (heavily wounded, 65% to hit)
You shoot a bolt. The bolt barely misses the black bear.
The black bear bites you.
* * * LOW HITPOINT WARNING * * *
The black bear claws you.
* * * LOW HITPOINT WARNING * * *
The black bear barely misses you.
You are now empty-tentacled.
The black bear bites you.
* * * LOW HITPOINT WARNING * * *
The black bear claws you.
You die...
Xom is highly amused!

##).............
##).............
#...............
#..............^
#...............
#......†........
##....÷†.....)..
###.h......####
##.@.....##
#######÷###....#
##....##.#
######
#........##
#.........###
#......>....##
#............##
#.............#
##........>.>.##


You could see a black bear.

Vanquished Creatures
  2 black bears (D:5)
  A kobold brigand (D:6)
  A bullfrog (D:6)
  A howler monkey (D:5)
  3 hounds (D:5)
  An adder (D:6)
  A white imp (D:6)
  5 orcs
  2 quokkas (D:5)
  4 kobolds (D:6)
21 creatures vanquished.

Notes
Turn   | Place    | Note
-------+----------+-------------------------------------------
     0 | D:5      | M4edhros the Octopode Delver began the quest for the Orb.
     0 | D:5      | Reached XP level 1. HP: 16/16 MP: 1/1
    20 | D:5      | Noticed a hound
    27 | D:5      | Killed a hound
    28 | D:5      | Reached XP level 2. HP: 3/21 MP: 2/2
    28 | D:5      | Reached XP level 3. HP: 3/26 MP: 3/3
    42 | D:5      | Reached skill level 1 in Ranged Weapons
    42 | D:5      | Reached XP level 4. HP: 9/31 MP: 4/4
   142 | D:6      | Noticed a bullfrog
   146 | D:6      | Killed a bullfrog
   147 | D:6      | Reached XP level 5. HP: 27/36 MP: 5/5
   171 | D:6      | Noticed a kobold brigand
   207 | D:6      | Killed a kobold brigand
   229 | D:6      | Found a staircase to the Ecumenical Temple.
   246 | Temple   | Entered the Ecumenical Temple
   312 | Temple   | Became a worshipper of Xom the Begetter of Discontinuities
   353 | Temple   | Fell from the grace of Xom
   353 | Temple   | Became a worshipper of Cheibriados the Contemplative
   451 | D:5      | Noticed a black bear
   457 | D:5      | Killed a black bear
   458 | D:5      | Reached skill level 5 in Unarmed Combat
   458 | D:5      | Reached XP level 6. HP: 29/42 MP: 6/6
   469 | D:5      | Noticed a black bear
   472 | D:5      | Killed a black bear
   474 | D:5      | Noticed a black bear
   477 | D:5      | Reached XP level 7. HP: 45/46 MP: 7/7
   507 | D:5      | HP: 1/46 [black bear (3)]
   507 | D:5      | Slain by a black bear

Illustrated notes

Levels and vault maps discovered:
D:5:      layout_cave_pods, uniq_edmund
D:6:      layout_basic, minmay_temple_entry_wispy, minmay_liquid_box,
          hangedman_abyss_or_decor_passed, hangedman_abyss_or_decor_lesser_grid,
          minmay_fountain_box, amethyst_killhole, uniq_menkaure
Temple:   dpeg_five_rooms_temple

Skill      XL: |  1  2  3  4  5  6 |
---------------+-------------------+-----
Unarmed Combat | 3 4 5 |  5.8
Ranged Weapons | 1 2 3 4 |  4.3
Fighting       | |  3.0
Dodging        | |  2.0
Stealth        | |  6.6

Action                     |  1- 3 |  4- 6 |  7- 9 || total
---------------------------+-------+-------+-------++-------
  Melee: Unarmed           |     3 |    19 |     6 ||    28
         Constrict         |     1 |     6 |     3 ||    10
         Tentacles         |       |     6 |     3 ||     9
         Punch             |       |     1 |       ||     1
   Fire: Triple crossbow   |     4 |    18 |     6 ||    28
    Use: Potion            |       |     3 |       ||     3
         Scroll            |       |       |     2 ||     2
 Armour: Skin              |       |     1 |     2 ||     3
  Dodge: Dodged            |     3 |    16 |     7 ||    26

Table legend: (Time is in decaauts)
 A = Elapsed time spent in this place.
 B = Non-inter-level travel time spent in this place.
 C = Inter-level travel time spent in this place.
 D = Time resting spent in this place.
 E = Time spent auto-exploring this place.
 F = Levels seen in this place.
 G = Mean time per level.
                   A        B        C        D        E       F      G
               +--------+--------+--------+--------+--------+-----+--------+
         Total |    542 |    433 |    109 |      0 |      0 |   3 |  180.7 |
       Dungeon |    343 |    326 |     17 |      0 |      0 |   2 |  171.5 |
        Temple |    198 |    106 |     92 |      0 |      0 |   1 |  198.0 |
               +--------+--------+--------+--------+--------+-----+--------+

Top non-repeatable levels by time:
  Temple: 198 daAuts
     D:6: 184 daAuts
     D:5: 158 daAuts
